 Dungeon Crawl Stone Soup version 0.29-a0-337-g68df138881 (webtiles) character file.

Game seed: 14987951269234949264

581 Morbidden the Sneak (level 7, 52/52 HPs)
             Began as a Demonspawn Brigand on Apr 16, 2022.
             Quit the game in the Ecumenical Temple.
             The game lasted 00:03:43 (4908 turns).

Morbidden the Sneak (Demonspawn Brigand)            Turns: 4908, Time: 00:03:44

Health: 52/52      AC: 11    Str: 11    XL:     7   Next: 13%
Magic:  9/9        EV:  9    Int: 15    God:
Gold:   281        SH:  4    Dex: 14    Spells: 9/9 levels left

rFire   . . .      SeeInvis +   a - +2 dagger
rCold   . . .      Faith    .   (no shield)
rNeg    . . .      Spirit   .   l - +4 scale mail
rPois   .          Reflect  .   (no helmet)
rElec   .          Harm     .   c - +0 cloak
rCorr   .          Rampage  .   (no gloves)
Will    .....                   (boots unavailable)
Stlth   +.........              (no amulet)
HPRegen 0.17/turn               h - ring of see invisible
MPRegen 0.11/turn               (no ring)

@: no status effects
A: hooves 3, condensation shield, demonic magic 1
a: no special abilities


You were in the Ecumenical Temple.
You visited 2 branches of the dungeon, and saw 6 of its levels.

You collected 281 gold pieces.

Inventory:

Hand Weapons
 a - a +2 dagger (weapon)
Missiles
 e - 2 curare-tipped darts
 q - 4 javelins
 t - 15 poisoned darts
Armour
 c - a +0 cloak (worn)
 l - a +4 scale mail (worn)
Jewellery
 h - a ring of see invisible (left hand)
 n - a ring of ice
 s - a ring of poison resistance
 v - an amulet of magic regeneration
Wands
 w - a wand of flame (19)
 x - a wand of polymorph (8)
 y - a wand of iceblast (9)
Scrolls
 b - 3 scrolls of magic mapping {unknown}
 f - a scroll of amnesia {unknown}
 i - a scroll of noise {unknown}
 j - a scroll of immolation {unknown}
 o - 5 scrolls of identify {unknown}
 p - 2 scrolls of torment {unknown}
 r - a scroll of vulnerability {unknown}
 u - a scroll of fear {unknown}
Potions
 d - a potion of brilliance
 g - 3 potions of lignification
 k - 2 potions of flight
 m - a potion of heal wounds {unknown}


   Skills:
 * Level 3.0 Fighting
 * Level 4.0 Short Blades
 * Level 3.3 Throwing
 + Level 2.1 Armour
 * Level 2.4 Dodging
 + Level 4.3 Stealth
 * Level 1.8 Spellcasting


You had 9 spell levels left.
You didn't know any spells.
Your spell library contained the following spells:

 Spells                   Type           Power      Damage    Failure   Level
 Corpse Rot               Necr/Air       2%         N/A       89%         2
 Poisonous Vapours        Pois/Air       2%         N/A       89%         2


Dungeon Overview and Level Annotations

Branches:
Dungeon (5/15)             Temple (1/1) D:5

Altars:
Ashenzari
Dithmenos
Fedhas
Gozag
Nemelex Xobeh
Ru
Sif Muna
Uskayaw
Vehumet
Wu Jian
Xom
Yredelemnul
Zin


Innate Abilities, Weirdness & Mutations

You have hooves in place of feet.
A meltable shield of frost defends you. (SH +4)
Spells you cast may paralyse adjacent enemies.


Message History

You have reached level 7!
No target in view!
You open the door.
There is an open door here.
You now have 281 gold pieces (gained 6).
v - an amulet of magic regeneration No target in view!
x - a wand of polymorph (8) No target in view!
You open the door.
There is an open door here.
Found a staircase to the Ecumenical Temple.
No target in view!
Found a club.
No target in view!
y - a wand of iceblast (9) No target in view!
Key pressed, stopping explore.
No target in view!
You open the door.
There is an open door here.
Key pressed, stopping explore.
No target in view!
No target in view!
No target in view!
There is a staircase to the Ecumenical Temple here.
You climb downwards.
Welcome to the Ecumenical Temple!
There is a staircase back to the Dungeon here.
Unknown command.
Found a radiant altar of Vehumet.
Found a shadowy altar of Dithmenos.
Found a hide-covered altar of Uskayaw.
Found an opulent altar of Gozag.
Found a shimmering blue altar of Sif Muna.
Found a shimmering altar of Xom and a sacrificial altar of Ru.
Found a blossoming altar of Fedhas.
There is a shadowy altar of Dithmenos here.
Found a sparkling altar of Nemelex Xobeh.
Found a broken altar of Ashenzari.
Are you sure you want to abandon this character and quit the game? (Confirm with "yes".)

♣.♣♣ ♣.♣ ♣♣.♣♣ ♣
♣♣...♣♣ .♣ ♣.....♣ ♣♣.♣
♣.._..♣♣♣♣♣♣♣♣ ♣...♣♣
♣.......♣♣...♣♣♣.....♣
♣.....♣♣....♣♣..♣.._..♣
♣♣♣♣♣♣♣♣P♣♣♣.♣♣♣@.....♣
♣♣♣ ♣♣♣ ♣♣♣...♣♣ ♣♣♣


There were no monsters in sight!

Vanquished Creatures
  Sigmund (D:4)
  2 ice beasts
  A gnoll shaman (D:4)
  Jessica (D:3)
  Crazy Yiuf (D:3)
  2 iguanas
  3 gnolls (D:4)
  4 adders
  A worm (D:2)
  A dart slug (D:3)
  An orc (D:4)
  3 endoplasms
  A giant cockroach (D:3)
  4 goblins
  6 hobgoblins
  3 jackals (D:1)
  4 kobolds
  A quokka (D:4)
  5 ball pythons
  5 bats
  4 frilled lizards
  7 rats
61 creatures vanquished.

Notes
Turn   | Place    | Note
-------+----------+-------------------------------------------
     0 | D:1      | Morbidden the Demonspawn Brigand began the quest for the
                  | Orb.
     0 | D:1      | Reached XP level 1. HP: 16/16 MP: 1/1
   252 | D:1      | Gained mutation: A meltable shield of frost defends you.
                  | (SH +4) [demonic ancestry]
   252 | D:1      | Reached XP level 2. HP: 10/22 MP: 2/2
  1264 | D:2      | Gained mutation: Spells you cast may paralyse adjacent
                  | enemies. [demonic ancestry]
  1264 | D:2      | Reached XP level 3. HP: 26/27 MP: 3/3
  1266 | D:2      | Reached skill level 1 in Dodging
  2168 | D:3      | Found a runed translucent door.
  2169 | D:3      | Noticed Crazy Yiuf
  2402 | D:3      | Found a faded altar of an unknown god.
  2411 | D:3      | Gained mutation: You have large cloven feet. [demonic
                  | ancestry]
  2411 | D:3      | Reached XP level 4. HP: 28/33 MP: 4/4
  2500 | D:3      | Noticed an ice beast
  2537 | D:3      | Killed an ice beast
  2538 | D:3      | Reached skill level 1 in Armour
  2538 | D:3      | Gained mutation: You have hoof-like feet. [demonic
                  | ancestry]
  2538 | D:3      | Reached XP level 5. HP: 16/39 MP: 4/6
  2757 | D:3      | Found an ornate altar of the Wu Jian Council.
  2758 | D:3      | Found a basalt altar of Yredelemnul.
  2758 | D:3      | Noticed Jessica
  2765 | D:3      | Killed Jessica
  3211 | D:3      | Killed Crazy Yiuf
  3212 | D:3      | Reached skill level 1 in Spellcasting
  3444 | D:4      | Noticed Sigmund
  3470 | D:4      | Killed Sigmund
  3471 | D:4      | Gained mutation: You have hooves in place of feet. [demonic
                  | ancestry]
  3471 | D:4      | Reached XP level 6. HP: 24/46 MP: 6/8
  4308 | D:5      | Entered Level 5 of the Dungeon
  4575 | D:5      | Noticed an ice beast
  4579 | D:5      | Killed an ice beast
  4580 | D:5      | Reached XP level 7. HP: 52/52 MP: 9/9
  4625 | D:5      | Found a staircase to the Ecumenical Temple.
  4709 | Temple   | Entered the Ecumenical Temple
  4908 | Temple   | Quit the game

Illustrated notes

Levels and vault maps discovered:
D:1:      dpeg_arrival_circle_labyrinth_b, layout_loops_ring
D:2:      layout_rooms, dk_noncrumbling_3, grunt_ministairs_14,
          lemuel_old_faithful
D:3:      layout_loops_ring, chequers_temple_overflow_statue_of_worship,
          ebering_ecumenical_altar_petrified, uniq_jessica,
          uniq_crazy_yiuf_cottage
D:4:      layout_loops_ring, uniq_sigmund
D:5:      layout_gridville, minmay_temple_entry_large_hall, nrook_mini_backslash
Temple:   minmay_temple_forest_path

Skill      XL: |  1  2  3  4  5  6 |
---------------+-------------------+-----
Short Blades   | 2 3 4 |  4.0
Stealth        | 4 |  4.3
Throwing       | 2 3 |  3.3
Dodging        | 1 2 |  2.4
Armour         | 1 2 |  2.1
Spellcasting   | 1 |  1.8
Fighting       | 3 |  3.0

Action                   |  1- 3 |  4- 6 |  7- 9 || total
-------------------------+-------+-------+-------++-------
Melee: Dagger            |   158 |    98 |       ||   256
       Kick              |       |    28 |       ||    28
       Punch             |       |     3 |       ||     3
Throw: Dart              |       |    25 |       ||    25
Evoke: Wand              |       |     4 |       ||     4
  Use: Potion            |       |     2 |       ||     2
 Stab: Sleeping          |     5 |     1 |       ||     6
Armor: Robe              |     6 |       |       ||     6
       Scale mail        |    48 |    39 |       ||    87
       Skin              |       |     3 |       ||     3
Dodge: Dodged            |    68 |    34 |       ||   102
Block: Other             |    19 |    14 |       ||    33

Table legend: (Time is in decaauts)
 A = Elapsed time spent in this place.
 B = Non-inter-level travel time spent in this place.
 C = Inter-level travel time spent in this place.
 D = Time resting spent in this place.
 E = Time spent auto-exploring this place.
 F = Levels seen in this place.
 G = Mean time per level.
                   A        B        C        D        E       F      G
               +--------+--------+--------+--------+--------+-----+--------+
         Total |   4871 |   4701 |    170 |    311 |   3822 |   6 |  811.8 |
       Dungeon |   4672 |   4502 |    170 |    311 |   3633 |   5 |  934.4 |
        Temple |    198 |    198 |      0 |      0 |    189 |   1 |  198.0 |
               +--------+--------+--------+--------+--------+-----+--------+

Top non-repeatable levels by time:
     D:3: 1495 daAuts
     D:1: 1185 daAuts
     D:4: 916 daAuts
     D:2: 677 daAuts
     D:5: 397 daAuts
  Temple: 198 daAuts
